 Dungeon Crawl Stone Soup version 0.16-a0-3178-g2c88c44 (webtiles) character file.

98 Malachi the Skirmisher (level 4, 0/35 HPs)
             Began as a Mummy Fighter on Dec 15, 2014.
             Slain by Purgy the centaur (1 damage)
             ... on level 3 of the Dungeon on Dec 16, 2014.
             The game lasted 00:04:08 (1919 turns).

Malachi the Skirmisher (Mummy Fighter)              Turns: 1919, Time: 00:04:08

Health: 0/35       AC: 10    Str: 20    XL:     4   Next: 44%
Magic:  4/4        EV:  3    Int:  7    God:
Gold:   142        SH:  9    Dex: 11    Spells: 0 memorised, 3 levels left

rFire  x . .     SeeInvis .     a - +0 flail
rCold  + . .     Clarity  .     k - -1 plate armour (curse)
rNeg   + + +     SustAb   .     c - +0 shield
rPois  ∞         Gourm    .     (no helmet)
rElec  .         Spirit   .     (no cloak)
rCorr  .         Warding  .     (no gloves)
rMut   .         Stasis   .     (no boots)
MR     .....                    (no amulet)
Stlth  ..........               (no ring)
                                (no ring)

@: not resistant to hostile enchantments, extremely unstealthy
A: no food or potions, fire vulnerability, restore body, cold resistance 1,
negative energy resistance 3, poison resistance, torment resistance, unbreathing
a: no special abilities


You were on level 3 of the Dungeon.
You were not hungry.

You visited 1 branch of the dungeon, and saw 3 of its levels.

You collected 142 gold pieces.

Inventory:

Hand weapons
 a - a +0 flail (weapon)
Missiles
 d - 13 poisoned needles
Armour
 b - a +0 scale mail
 c - a +0 shield (worn)
 k - a cursed -1 plate armour (worn)
Magical devices
 h - a wand of polymorph (5)
Scrolls
 e - 2 scrolls of random uselessness {unknown}
 f - 2 scrolls of fog {unknown}
 g - a scroll of amnesia {unknown}
 i - a scroll of identify {unknown}
 j - a scroll of teleportation {unknown}


   Skills:
 + Level 3.3 Fighting
 + Level 2.1 Maces & Flails
 + Level 3.0 Armour
 + Level 1.3 Dodging
 + Level 2.9 Shields


You had 3 spell levels left.
You didn't know any spells.

Dungeon Overview and Level Annotations

Branches:
Dungeon (3/15)

Altars:
Xom
Yredelemnul
The Shining One

Annotations:
D:3 Purgy


Innate Abilities, Weirdness & Mutations

You do not eat or drink.
Your flesh is vulnerable to fire.
Your flesh is cold resistant.
You are immune to negative energy.
Your system is resistant to poisons.
You are immune to unholy pain and torment.
You can survive without breathing.


Message History

Evoking this partially-identified wand wasted a few charges.
Purgy bites you.
* * * LOW HITPOINT WARNING * * *
You block Purgy's attack. x2
Evoke which item? (* to show all) (? for menu, Esc to quit)
Zapping:
h - a wand of polymorph {zapped: 7} (will waste charges)
Press: ? - help, Shift-Dir - straight line, f/p - Purgy
Aim: Purgy (moderately wounded) Purgy evaporates and reforms as a centaur!
Evoking this partially-identified wand wasted a few charges.
You block Purgy's attack.
You hit Purgy but do no damage. You block Purgy's attack.
You block Purgy's attack.
Your plate armour prevents you from hitting Purgy.
Purgy looks around nervously.
You block Purgy's attack. Purgy barely misses you.
You hit Purgy.
Purgy is lightly wounded.
Purgy hits you.
You die...

#.#.##.#####.## #.##.##.##
.......# #...# #.##......
....#### #...# #.......##. ..%.#
#...# ###....## #. .#.## #...#
#.......# .. .#.# #...# #.#.##..#
#. .... #...# #.#.##..####.
##..#######...#######.#..#<......
...............c@.....#..##.##...
###..............................
####.................##.######...
.....######...#########.# #.$.
...#.# #...# #.# #### ##.#.#
###...### #.# ...#.# #.).....#
#.# #..#.####.#...#.# #.#
#..#..†.........# ...


You could see Purgy the centaur.

Vanquished Creatures
  Terence (D:2)
  3 adders
  A worm (D:2)
  An orc (D:3)
  6 goblins
  8 hobgoblins
  7 jackals
  11 kobolds
  A quokka (D:3)
  3 bats
  A giant cockroach (D:3)
  4 giant newts
  6 rats
53 creatures vanquished.

Notes
Turn   | Place    | Note
--------------------------------------------------------------
     0 | D:1      | Malachi, the Mummy Fighter, began the quest for the Orb.
     0 | D:1      | Reached XP level 1. HP: 18/18 MP: 1/1
   100 | D:1      | Reached XP level 2. HP: 24/24 MP: 2/2
   611 | D:2      | Found a glowing golden altar of the Shining One.
   686 | D:2      | Reached XP level 3. HP: 18/29 MP: 3/3
   717 | D:2      | Upgraded the game from 0.16-a0-3159-g1b9e691 to 0.16-a0-3178-g2c88c44
   738 | D:2      | Noticed Terence
   760 | D:2      | Killed Terence
  1255 | D:2      | Reached skill level 1 in Dodging
  1255 | D:2      | Reached XP level 4. HP: 31/35 MP: 4/4
  1667 | D:3      | Found a basalt altar of Yredelemnul.
  1761 | D:3      | Found a shimmering altar of Xom.
  1900 | D:3      | Noticed Purgy
  1915 | D:3      | HP: 1/35 [Purgy (6)]
  1916 | D:3      | Noticed Purgy
  1916 | D:3      | Purgy changed into Purgy the centaur
  1919 | D:3      | Slain by Purgy the centaur

Action                   |  1- 3 |  4- 6 || total
-------------------------+-------+-------++-------
Melee: Flail             |   114 |   100 ||   214
Evoke: Wand              |       |     2 ||     2
